 Dungeon Crawl Stone Soup version 0.18.1-48-g4cf74bf (webtiles) character file.

1682 nikoo the Basher (level 8, -14/73 HPs)
             Began as a Minotaur Berserker on June 27, 2016.
             Was a Believer of Trog.
             Demolished by Duvessa
             ... wielding a +0 short sword of electrocution
              (18 damage)
             ... on level 5 of the Dungeon.
             The game lasted 00:13:39 (4458 turns).

nikoo the Basher (Minotaur Berserker)               Turns: 4458, Time: 00:13:39

Health: -14/73     AC:  8    Str: 23    XL:     8   Next: 71%
Magic:  7/7        EV: 13    Int:  5    God:    Trog [**....]
Gold:   156        SH:  0    Dex: 10    Spells: 0 memorised, 7 levels left

rFire  . . .     SeeInvis .     s - +0 morningstar
rCold  . . .     Gourm    .     n - +1 ring mail
rNeg   . . .     Faith    .     (no shield)
rPois  .         Spirit   .     (helmet restricted)
rElec  .         Dismiss  .     (no cloak)
rCorr  .         Reflect  .     (no gloves)
SustAt .         Harm     .     k - +0 pair of boots
MR     ++...                    (no amulet)
Stlth  +.........               (no ring)
                                (no ring)

@: exhausted, regenerating, slowed, very slow, very resistant to hostile
enchantments, very unstealthy
A: retaliatory headbutt, horns 2
a: Berserk, Trog's Hand, Burn Spellbooks, Renounce Religion


You were on level 5 of the Dungeon.
You worshipped Trog.
Trog was pleased with you.
You were very hungry.

You visited 1 branch of the dungeon, and saw 5 of its levels.

You collected 156 gold pieces.

Inventory:

Hand Weapons
 a - a +0 mace
 o - a +0 halberd of chopping
 s - a +0 morningstar (weapon)
 y - a +1 trident of flaming
Missiles
 d - a throwing net (quivered)
Armour
 b - a +0 animal skin
 e - a +0 leather armour
 k - a +0 pair of boots (worn)
 n - a +1 ring mail (worn)
Jewellery
 E - an uncursed ring of poison resistance {unknown}
Wands
 w - a wand of slowing (19/48)
Scrolls
 c - a scroll of remove curse
 f - 3 scrolls of fear
 j - a scroll of enchant armour
 m - a scroll of immolation {unknown}
 p - a scroll of teleportation {unknown}
 r - a scroll of noise {unknown}
 t - a scroll of fog {unknown}
 u - a scroll of amnesia {unknown}
 z - a scroll of identify
 C - a scroll of blinking {unknown}
Potions
 h - a potion of cure mutation {unknown}
 i - a potion of agility {unknown}
 l - a potion of haste {unknown}
 q - a potion of cancellation {unknown}
 v - a potion of heal wounds {unknown}
 x - a potion of lignification {unknown}
 A - a potion of might {unknown}
 B - a potion of resistance {unknown}
Comestibles
 g - a beef jerky
 D - 3 fruits


   Skills:
 + Level 7.1 Fighting
 + Level 8.0 Maces & Flails
 + Level 6.8 Armour
 + Level 6.2 Dodging
 + Level 1.8 Stealth


You had 7 spell levels left.
You didn't know any spells.

Dungeon Overview and Level Annotations

Branches:
Dungeon (5/15)
 Temple: D:4-7

Altars:
Fedhas
Okawaru
The Shining One

Shops:
D:4 =

Annotations:
D:5 Dowan, Duvessa


Innate Abilities, Weirdness & Mutations

You reflexively headbutt those who attack you in melee.
You have a pair of horns on your head.


Message History

You are no longer berserk.
You are exhausted.
You feel yourself slow down.
You are feeling very hungry.
Duvessa barely misses you. You furiously retaliate!
You headbutt Duvessa!
You are too injured to fight recklessly!
Duvessa says, "When magic and the sword combine, nothing stands against them."
Duvessa says, "Practise, practise, practise!
One day you'll be as good as me." Duvessa completely misses you.
Duvessa hits you with a short sword of electrocution.
* * * LOW HITPOINT WARNING * * *
You are electrocuted!
* * * LOW HITPOINT WARNING * * *
Duvessa barely misses you. You furiously retaliate!
You headbutt Duvessa!
You feel the effects of Trog's Hand fading.
Duvessa hits you but does no damage.
Duvessa hits you with a short sword of electrocution.
* * * LOW HITPOINT WARNING * * *
You are electrocuted!
You die...

##..##
###....÷#..###..#...##...
##..###.....####.....###...#...
#.).÷)...### ##...## ##...#..
## #...))....## ##.## #......
.###......#...# #..# ##...§.
.........###..## #..### #......
....##..## ##..##
##....###...... ...####.##
##..###.............. ...# #..#
##.@e............#.. #..# ##.#
##..####..........#.. #..#
#.####...###...........##e #..#
#..##...###....#....#..# .
##.##
##.#...##......##.####..#.
.#..# #....#....##...#.# #..##
....#####........###.....# ##..
...............(## ##....#
.###............## ....#


You could see Duvessa.

Vanquished Creatures
  The ghost of Jerry the Caller, a novice DsIE of Kikubaaqudgha (D:5)
  The ghost of Gargoyl the Skirmisher, an amateur DsAK of Lugonu (D:4)
  2 phantoms (D:5)
  3 ogres
  The ghost of Gargoyl the Skirmisher, an amateur DsAK of Lugonu (D:3)
  A centaur (D:5)
  3 scorpions
  A howler monkey (D:5)
  A centaur zombie (D:5)
  A giant frog zombie (D:5)
  4 orc wizards (D:4)
  2 giant frog skeletons (D:4)
  3 orc priests (D:5)
  A hound (D:5)
  7 adders
  2 shadow imps (D:5)
  An ooze (D:5)
  An adder skeleton (D:4)
  2 worms
  2 dart slugs
  4 giant geckos
  6 orcs
  2 ball pythons
  7 bats
  3 giant cockroaches
  10 goblins
  5 hobgoblins
  7 kobolds
  2 quokkas
  4 giant newts
  9 rats
99 creatures vanquished.

Notes
Turn   | Place    | Note
--------------------------------------------------------------
     0 | D:1      | nikoo the Minotaur Berserker began the quest for the Orb.
     0 | D:1      | Reached XP level 1. HP: 19/19 MP: 0/0
    58 | D:1      | Reached XP level 2. HP: 26/27 MP: 1/1
    61 | D:1      | Reached skill level 4 in Maces & Flails
  1278 | D:2      | Reached XP level 3. HP: 33/33 MP: 2/2
  1457 | D:2      | Found a blossoming altar of Fedhas.
  1518 | D:2      | Reached ** piety under Trog
  1892 | D:3      | Noticed Gargoyl's ghost (amateur DsAK)
  1904 | D:3      | Killed Gargoyl's ghost
  1904 | D:3      | Reached skill level 5 in Maces & Flails
  1904 | D:3      | Reached XP level 4. HP: 41/41 MP: 3/3
  1905 | D:3      | Reached XP level 5. HP: 47/47 MP: 4/4
  2094 | D:3      | Found a glowing golden altar of the Shining One.
  2459 | D:4      | Reached skill level 5 in Fighting
  2459 | D:4      | Reached skill level 1 in Stealth
  2545 | D:4      | Noticed Gargoyl's ghost (amateur DsAK)
  2552 | D:4      | Reached XP level 6. HP: 45/56 MP: 5/5
  2569 | D:4      | Killed Gargoyl's ghost
  2569 | D:4      | Reached skill level 6 in Maces & Flails
  2675 | D:4      | Reached XP level 7. HP: 60/61 MP: 6/6
  2890 | D:4      | Found Tiruwkoj's Jewellery Shop.
  2998 | D:4      | Reached skill level 5 in Armour
  3236 | D:4      | Reached skill level 5 in Dodging
  3360 | D:5      | Entered Level 5 of the Dungeon
  3668 | D:5      | Reached *** piety under Trog
  3668 | D:5      | Reached XP level 8. HP: 70/70 MP: 7/7
  3671 | D:5      | Found an iron altar of Okawaru.
  3704 | D:5      | Reached skill level 7 in Maces & Flails
  3974 | D:5      | Noticed Jerry's ghost (novice DsIE)
  4029 | D:5      | HP: 1/71 [Jerry's ghost (4)]
  4056 | D:5      | Killed Jerry's ghost
  4293 | D:5      | Reached skill level 8 in Maces & Flails
  4436 | D:5      | Noticed Duvessa
  4438 | D:5      | Noticed Dowan
  4456 | D:5      | HP: 1/73 [Duvessa/short sword of electrocution (14)]
  4458 | D:5      | Demolished by Duvessa

Skill      XL: |  1  2  3  4  5  6  7  8 |
---------------+-------------------------+-----
Maces & Flails | 4 5 6 8 |  8.0
Fighting       | 4 5 6 7 |  7.1
Armour         | 3 4 5 6 |  6.8
Dodging        | 3 4 5 6 |  6.2
Stealth        | 1 |  1.8

Action                   |  1- 3 |  4- 6 |  7- 9 || total
-------------------------+-------+-------+-------++-------
Melee: Mace              |    60 |     5 |       ||    65
       Headbutt          |    11 |     9 |    22 ||    42
       Morningstar       |       |    65 |    90 ||   155
Invok: Trog's Hand       |     1 |     1 |     5 ||     7
       Berserk           |     1 |     1 |     2 ||     4
  Use: Scroll            |     5 |     2 |       ||     7
       Potion            |       |     1 |     4 ||     5
  Eat: Bread ration      |     1 |     1 |     1 ||     3
       Beef jerky        |       |       |     1 ||     1
Armor: Leather armour    |    12 |       |       ||    12
       Animal skin       |     1 |       |       ||     1
       Ring mail         |     2 |    38 |    28 ||    68
Dodge: Dodged            |    52 |    50 |    55 ||   157
